[ AOE2 MATCH · #477414160 ]
UnrankedWu vs Tupi
Player's team · WIN
[ REPLAY ANALYSIS · EXTRACTED FROM THE RECORDED GAME ]
Feudal
9:16
Castle
30:21
Imperial
—
| APM avg | 53.8 |
| APM peak | 105 |
| eAPM avg | 24.0 |
| Villagers / military | 66 / 25 |
Focus
⚔️ 33.9% · 🌾 66.1%
Unknown (1974) ×21 · Archer ×12 · Militia ×8 · Skirmisher ×3 · Battering Ram ×2
Feudal
20:15
Castle
31:25
Imperial
—
| APM avg | 48.2 |
| APM peak | 82 |
| eAPM avg | 19.7 |
| Villagers / military | 50 / 5 |
Focus
⚔️ 28.7% · 🌾 71.3%
Skirmisher ×5
Match map
Initial resources + every placement click. Lines = walls · curves = elevation contours. ◆ gold · ⬟ stone · ● berries · ✦ relic · ◌ wall gap
Your base· Open — 2t gap
mary's base· Open — unwalled flank
Smoothed initial terrain · ◌ = detected wall gap · hover for details
Inputs per minute
— MIKE AoE - - mary
Build order — MIKE AoE
First 150 of 184 actions detected
| 0:00 | Create | Villager (Male) |
| 0:02 | Build | House |
| 0:04 | Build | House |
| 0:06 | Create | Villager (Male) |
| 0:07 | Create | Villager (Male) |
| 0:07 | Create | Villager (Male) |
| 1:32 | Create | Villager (Male) |
| 1:45 | Build | Lumber Camp |
| 2:00 | Create | Villager (Male) |
| 2:18 | Create | Villager (Male) |
| 2:18 | Create | Villager (Male) |
| 2:48 | Create | Villager (Male) |
| 2:56 | Build | House |
| 2:58 | Build | House |
| 3:13 | Create | Villager (Male) |
| 3:13 | Create | Villager (Male) |
| 3:40 | Create | Villager (Male) |
| 4:07 | Create | Villager (Male) |
| 4:07 | Create | Villager (Male) |
| 4:07 | Create | Villager (Male) |
| 4:57 | Create | Villager (Male) |
| 4:57 | Create | Villager (Male) |
| 4:58 | Create | Villager (Male) |
| 4:58 | Create | Villager (Male) |
| 5:30 | Build | Barracks |
| 5:53 | Create | Villager (Male) |
| 6:26 | Research | Loom |
| 7:01 | Research | Feudal Age |
| 7:34 | Build | Palisade Wall |
| 7:36 | Build | Palisade Wall |
| 7:38 | Build | Palisade Wall |
| 7:40 | Build | Palisade Wall |
| 8:00 | Build | House |
| 8:11 | Build | House |
| 8:27 | Build | House |
| 8:50 | Build | Mill |
| 8:55 | Create | Villager (Male) |
| 9:16 | Age | Feudal Age |
| 9:30 | Create | Villager (Male) |
| 9:34 | Research | Double-Bit Axe |
| 9:47 | Build | House |
| 9:50 | Build | House |
| 9:53 | Build | Palisade Wall |
| 9:56 | Create | Villager (Male) |
| 10:03 | Create | Villager (Male) |
| 10:51 | Create | Villager (Male) |
| 10:51 | Create | Villager (Male) |
| 11:47 | Create | Villager (Male) |
| 13:02 | Create | Villager (Male) |
| 13:02 | Create | Villager (Male) |
| 13:02 | Create | Villager (Male) |
| 13:42 | Create | Villager (Male) |
| 13:42 | Create | Villager (Male) |
| 15:06 | Build | Lumber Camp |
| 16:37 | Build | Town Center |
| 16:56 | Build | Archery Range |
| 17:29 | Create | Villager (Male) |
| 17:29 | Create | Villager (Male) |
| 17:29 | Create | Villager (Male) |
| 17:40 | Build | Mill |
| 17:45 | Create | Archer |
| 17:45 | Create | Archer |
| 17:53 | Create | Villager (Male) |
| 17:54 | Build | House |
| 18:04 | Create | Archer |
| 18:04 | Create | Archer |
| 18:16 | Create | Archer |
| 18:17 | Create | Archer |
| 18:20 | Build | House |
| 18:22 | Build | House |
| 18:56 | Build | Blacksmith |
| 19:26 | Build | Lumber Camp |
| 19:38 | Create | Archer |
| 19:39 | Create | Archer |
| 19:53 | Build | Farm |
| 19:53 | Build | Farm |
| 19:56 | Build | Farm |
| 20:19 | Research | Fletching |
| 20:21 | Create | Archer |
| 20:21 | Create | Archer |
| 20:21 | Create | Archer |
| 20:26 | Create | Villager (Male) |
| 20:53 | Create | Villager (Male) |
| 20:54 | Create | Villager (Male) |
| 21:02 | Build | Barracks |
| 21:06 | Create | Villager (Male) |
| 21:22 | Create | Archer |
| 21:34 | Create | Villager (Male) |
| 21:51 | Build | House |
| 21:52 | Build | House |
| 21:59 | Create | Militia |
| 22:01 | Create | Villager (Male) |
| 22:14 | Research | Man-at-Arms (upgrade) |
| 22:20 | Create | Villager (Male) |
| 22:29 | Build | Farm |
| 22:35 | Build | Farm |
| 22:35 | Build | Farm |
| 22:36 | Build | Farm |
| 22:36 | Build | Farm |
| 22:36 | Build | Farm |
| 22:36 | Build | Farm |
| 22:42 | Create | Militia |
| 22:47 | Create | Militia |
| 23:11 | Build | Farm |
| 23:17 | Create | Villager (Male) |
| 23:39 | Build | Mill |
| 23:40 | Build | Farm |
| 23:40 | Build | Farm |
| 23:41 | Build | Farm |
| 23:41 | Create | Villager (Male) |
| 23:51 | Create | Militia |
| 24:09 | Create | Villager (Male) |
| 24:10 | Create | Villager (Male) |
| 24:28 | Research | Horse Collar |
| 24:28 | Research | Horse Collar |
| 24:46 | Create | Villager (Male) |
| 24:58 | Create | Villager (Male) |
| 25:08 | Build | Farm |
| 25:08 | Build | Farm |
| 25:09 | Build | Farm |
| 25:26 | Create | Villager (Male) |
| 25:34 | Create | Skirmisher |
| 25:34 | Create | Skirmisher |
| 25:35 | Create | Villager (Male) |
| 25:40 | Build | Market |
| 25:52 | Create | Skirmisher |
| 26:16 | Create | Villager (Male) |
| 26:48 | Create | Villager (Male) |
| 26:54 | Create | Villager (Male) |
| 27:17 | Build | House |
| 27:39 | Research | Castle Age |
| 27:50 | Build | Mill |
| 27:51 | Build | Farm |
| 27:51 | Build | Farm |
| 27:51 | Build | Farm |
| 28:04 | Build | Barracks |
| 28:27 | Build | Lumber Camp |
| 28:29 | Build | Barracks |
| 28:33 | Research | Scale Mail Armor |
| 28:48 | Research | Forging |
| 28:52 | Research | Arson |
| 29:19 | Build | Lumber Camp |
| 30:03 | Build | Mining Camp |
| 30:08 | Create | Villager (Male) |
| 30:21 | Age | Castle Age |
| 30:25 | Research | Chain Mail Armor |
| 30:28 | Build | Siege Workshop |
| 30:30 | Create | Unit 1974 |
| 30:30 | Create | Unit 1974 |
| 30:30 | Create | Unit 1974 |
Build order — mary
93 actions detected in the replay
| 0:01 | Create | Villager (Male) |
| 0:02 | Build | House |
| 0:04 | Build | House |
| 0:12 | Create | Villager (Male) |
| 0:12 | Create | Villager (Male) |
| 0:36 | Create | Villager (Male) |
| 0:36 | Create | Villager (Male) |
| 1:03 | Create | Villager (Male) |
| 1:03 | Create | Villager (Male) |
| 2:00 | Create | Villager (Male) |
| 2:00 | Create | Villager (Male) |
| 2:02 | Create | Villager (Male) |
| 2:19 | Build | Settlement |
| 2:46 | Create | Villager (Male) |
| 2:47 | Create | Villager (Male) |
| 3:32 | Create | Villager (Male) |
| 3:32 | Create | Villager (Male) |
| 3:32 | Create | Villager (Male) |
| 4:00 | Create | Villager (Male) |
| 4:04 | Research | Loom |
| 5:04 | Create | Villager (Male) |
| 5:05 | Create | Villager (Male) |
| 5:05 | Create | Villager (Male) |
| 5:05 | Create | Villager (Male) |
| 5:05 | Create | Villager (Male) |
| 5:05 | Create | Villager (Male) |
| 5:16 | Create | Villager (Male) |
| 6:03 | Build | House |
| 6:50 | Build | Town Center |
| 7:11 | Build | Palisade Gate |
| 8:34 | Build | Town Center |
| 8:49 | Build | House |
| 9:15 | Create | Villager (Male) |
| 9:15 | Create | Villager (Male) |
| 10:03 | Create | Villager (Male) |
| 10:39 | Build | Palisade Wall |
| 15:34 | Create | Villager (Male) |
| 15:34 | Create | Villager (Male) |
| 15:35 | Create | Villager (Male) |
| 15:57 | Create | Villager (Male) |
| 15:57 | Create | Villager (Male) |
| 15:58 | Create | Villager (Male) |
| 16:27 | Create | Villager (Male) |
| 16:27 | Create | Villager (Male) |
| 16:27 | Create | Villager (Male) |
| 16:47 | Create | Villager (Male) |
| 16:47 | Create | Villager (Male) |
| 16:57 | Build | House |
| 17:26 | Create | Villager (Male) |
| 17:38 | Build | Settlement |
| 18:05 | Research | Feudal Age |
| 19:31 | Build | Barracks |
| 20:15 | Age | Feudal Age |
| 20:31 | Build | Archery Range |
| 20:34 | Research | Town Watch |
| 20:52 | Create | Villager (Male) |
| 21:01 | Create | Skirmisher |
| 21:01 | Create | Skirmisher |
| 21:32 | Create | Skirmisher |
| 21:34 | Create | Villager (Male) |
| 21:45 | Build | Blacksmith |
| 21:48 | Create | Villager (Male) |
| 22:12 | Create | Villager (Male) |
| 22:17 | Build | Settlement |
| 22:21 | Research | Padded Archer Armor |
| 22:21 | Research | Padded Archer Armor |
| 22:26 | Create | Villager (Male) |
| 22:39 | Build | Settlement |
| 22:56 | Build | Farm |
| 23:39 | Build | Farm |
| 23:54 | Create | Skirmisher |
| 24:14 | Build | Watch Tower |
| 24:27 | Research | Fletching |
| 24:49 | Build | Farm |
| 24:54 | Build | Farm |
| 25:14 | Create | Skirmisher |
| 25:23 | Create | Villager (Male) |
| 25:28 | Build | Market |
| 25:48 | Create | Villager (Male) |
| 26:48 | Create | Villager (Male) |
| 27:19 | Create | Villager (Male) |
| 27:44 | Build | Settlement |
| 27:50 | Create | Villager (Male) |
| 28:45 | Research | Castle Age |
| 28:45 | Research | Castle Age |
| 29:40 | Build | Farm |
| 29:54 | Research | Double-Bit Axe |
| 29:54 | Research | Double-Bit Axe |
| 31:25 | Age | Castle Age |
| 31:36 | Build | Castle |
| 31:43 | Create | Villager (Male) |
| 31:43 | Create | Villager (Male) |
| 31:54 | Research | Gold Mining |
Match timeline
| 5:30 | MIKE AoE · first_building Barracks |
| 7:34 | MIKE AoE · wall_segment Palisade Wall x1 |
| 7:36 | MIKE AoE · wall_segment Palisade Wall x1 |
| 7:38 | MIKE AoE · wall_segment Palisade Wall x1 |
| 7:40 | MIKE AoE · wall_segment Palisade Wall x1 |
| 9:16 | MIKE AoE · age_up feudal |
| 9:53 | MIKE AoE · wall_segment Palisade Wall x1 |
| 10:39 | mary · wall_segment Palisade Wall x1 |
| 16:56 | MIKE AoE · first_building Archery Range |
| 19:31 | mary · first_building Barracks |
| 20:15 | mary · age_up feudal |
| 20:31 | mary · first_building Archery Range |
| 27:15 | mary · first_market_sell 100 wood |
| 27:16 | mary · first_market_buy 100 food |
| 27:33 | MIKE AoE · first_market_buy 100 food |
| 27:36 | MIKE AoE · first_market_sell 500 wood |
| 30:21 | MIKE AoE · age_up castle |
| 30:28 | MIKE AoE · first_building Siege Workshop |
| 31:25 | mary · age_up castle |
| 31:36 | mary · first_building Castle |
| 33:58 | mary · resign |
[ AI ANALYSIS · 1 CREDIT ]
What really happened in this match?
Wolo.gg analyzes every decision: build order, eco, micro, common mistakes by bracket. Personalized analysis on WhatsApp or Discord in 30 seconds.
Civ guide
Wu
Perfil
Jugador #308913